 Dungeon Crawl Stone Soup version 0.31-a0-150-g89dc3ad700 (webtiles) character file.

Game seed: 2575678844720100391

235 Dittersdorf the Trooper (level 6, -5/39 HPs)
             Began as a Gargoyle Fighter on June 8, 2023.
             Engulfed by a cloud of flame (18 damage)
             ... on level 4 of the Dungeon.
             The game lasted 00:05:11 (3117 turns).

Dittersdorf the Trooper (Gargoyle Fighter)          Turns: 3117, Time: 00:05:11

Health: -5/39      AC: 13    Str: 27    XL:     6   Next: 5%
Magic:  6/6        EV:  9    Int:  9    God:
Gold:   130        SH:  4    Dex:  9    Spells: 5/5 levels left

rFire   . . .        a - +0 flail
rCold   . . .        c - +0 buckler
rNeg    + . .        b - +0 scale mail
rPois   ∞            r - +1 helmet
rElec   +            (no cloak)
rCorr   .            (no gloves)
SInv    .            (no boots)
Will    .....        (no amulet) Stlth
                     t - +6 ring of strength
HPRegen 0.26/turn    (no ring)
MPRegen 0.10/turn

%: no passive effects
@: no status effects
A: sickness immunity, AC +4, negative energy resistance 1, electricity
resistance, torment resistance 1, petrification resistance
a: no special abilities


You were on level 4 of the Dungeon.
You visited 1 branch of the dungeon, and saw 4 of its levels.

You collected 130 gold pieces.

Inventory:

Hand Weapons
 a - a +0 flail (weapon)
Missiles
 v - 4 poisoned darts
Armour
 b - a +0 scale mail (worn)
 c - a +0 buckler (worn)
 r - a +1 helmet (worn)
Jewellery
 t - a +6 ring of strength (left hand)
Scrolls
 i - a scroll of magic mapping
 j - 2 scrolls of identify {unknown}
 l - a scroll of summoning {unknown}
 m - a scroll of blinking {unknown}
 n - a scroll of fear {unknown}
 o - 2 scrolls of enchant weapon {unknown}
 u - a scroll of torment {unknown}
Potions
 d - a potion of might
 e - 5 potions of curing {unknown}
 h - a potion of berserk rage {unknown}
 k - a potion of resistance {unknown}
 p - a potion of attraction {unknown}
 q - a potion of cancellation {unknown}
 s - a potion of lignification {unknown}


   Skills:
 + Level 4.6 Fighting
 + Level 3.4 Maces & Flails
 + Level 4.5 Armour
 + Level 4.5 Shields


You had 5 spell levels left.
You didn't know any spells.
Your spell library contained the following spells:

 Spells                   Type           Power      Damage    Failure   Level
 Static Discharge         Conj/Air       0%         2-2/arc   83%         2
 Airstrike                Air            0%         2d(0-16)  100%        4
 Summon Lightning Spire   Summ/Air       0%         N/A       100%        4


Dungeon Overview and Level Annotations

Branches:
Dungeon (4/15)
 Temple: D:4-7

Altars:
Elyvilon

Annotations:
D:4 Menkaure


Innate Abilities, Weirdness & Mutations

You are immune to sickness and miasma.
Your stone body is resilient. (AC +4)
You are immune to poison.
You resist negative energy. (rN+)
You are resistant to electric shocks. (rElec)
You are resistant to unholy torment.
You are immune to petrification.


Message History

You climb downwards.
You hear the sound of rushing water.
There is an entrance to a sewer on this level.
Hurry and find it before the portal rusts away!
Level annotation: Menkaure
There is a stone staircase leading up here.
As you read the scroll labelled YZUFOE HEWE, it crumbles to dust.
The creatures around you are filled with an inner flame!
It was a scroll of immolation.
Okay, then.
Autopickup disabled for scrolls of immolation.
You drop a scroll of immolation.
As you read the scroll labelled NIZXUCS UFFANT, it crumbles to dust.
It is a scroll of enchant armour.
Your +0 helmet glows green for a moment.
As you read the scroll labelled ECAHOE UTTOM, it crumbles to dust.
You feel aware of your surroundings.
You sensed 1 shop/portal.
It was a scroll of magic mapping.
The quokka barely misses you.
The quokka bites you but does no damage.
A hobgoblin comes into view.
You block the quokka's attack.
Found a stone staircase leading down.
The quokka attacks as you move away!
The quokka bites you but does no damage.
The quokka attacks as you move away! The quokka bites you.
Found a coppery potion.
The quokka bites you but does no damage.
There is a stone staircase leading down here.
Found 10 gold pieces.
The quokka barely misses you. The quokka attacks as you move away!
The quokka closely misses you.
You open the door. You block the quokka's attack.
A giant cockroach, a river rat, a rat and a quokka come into view.
The quokka moves out of view.
There is an open door here.
You sock the quokka!
The quokka explodes!
The fiery explosion engulfs you!!
Ouch! That really hurt!
You feel a bit more experienced.
You are engulfed in blazing flames.
You die...

,,,,,,****,,,,,,***,**,,,,,,,,,,,
,,,,,,,**........##.,**,**,,,,,,,
,,,,,,,**........#.,***,,,**,,,,,
,,,,,,,*,..........,* ***........
,,,,,,,,,.........,*** *#.......
,,,,>,**,,,.......,.,*# ##.......
,,,,,,**,**,#....#*...###........
*,,,,,*,,,***#...####.##.........
,,,,,***,****#..@§#.............#
,,,,,,,,,.....+##§§.#,,#....###..
,,,,,*,,,...,,#~~#§.#*###....##..
,,,,,*,,,.,,,*#Br##.###.......#..
,,,,,,,,,,,,,#r~~~#.##...###..#..
,,,,,,,,,,,*,#~~~~#.g#.#.# #...g.
,,,,,**,,,,*,##~~*#..>.### ##....
,,,,,***,,,*,,#~~#......# *#....#
,,,,,,,,,,,,,*#++##.#..##*#......


You could see a hobgoblin.

Vanquished Creatures
  A hound (D:3)
  Terence (D:2)
  Natasha (thrice) (D:3)
  Robin (D:2)
  A gnoll (D:1)
  An adder (D:2)
  A river rat (D:4)
  4 worms
  3 dart slugs (D:1)
  6 ball pythons
  2 endoplasms
  11 hobgoblins
  4 quokkas
  4 bats
  6 frilled lizards
  8 goblins
  2 kobolds
  4 rats
63 creatures vanquished.

Notes
Turn   | Place    | Note
-------+----------+-------------------------------------------
     0 | D:1      | Dittersdorf the Gargoyle Fighter began the quest for the
                  | Orb.
     0 | D:1      | Reached XP level 1. HP: 14/14 MP: 1/1
   176 | D:1      | Reached XP level 2. HP: 19/19 MP: 2/2
   566 | D:1      | Reached XP level 3. HP: 21/23 MP: 3/3
   909 | D:2      | Noticed Terence
   925 | D:2      | Killed Terence
   926 | D:2      | Reached XP level 4. HP: 23/29 MP: 4/4
  1007 | D:2      | Found a faded altar of an unknown god.
  1118 | D:2      | Found a white marble altar of Elyvilon.
  1506 | D:2      | Noticed Robin
  1531 | D:2      | Killed Robin
  2031 | D:2      | Reached XP level 5. HP: 30/33 MP: 5/5
  2168 | D:3      | Noticed Natasha
  2179 | D:3      | Killed Natasha
  2215 | D:3      | Noticed Natasha
  2228 | D:3      | Killed Natasha
  2265 | D:3      | Noticed Natasha
  2278 | D:3      | Killed Natasha
  2444 | D:3      | Reached XP level 6. HP: 39/39 MP: 6/6
  3079 | D:4      | Noticed Menkaure
  3117 | D:4      | Engulfed by a cloud of flame

Illustrated notes

Levels and vault maps discovered:
D:1:      dpeg_arrival_snail, layout_basic
D:2:      layout_basic, shapermc_ecumenical_altar_pompeii, basic_altar,
          st_stairs_10, uniq_robin, uniq_terence
D:3:      layout_loops_ring, hangedman_abyss_or_decor_lesser_grid,
          uniq_crazy_yiuf_cottage, uniq_natasha
D:4:      layout_cave_pools, gup_sewer_entry_bowl, uniq_edmund, uniq_pargi,
          uniq_duvessa, uniq_menkaure

Skill      XL: |  1  2  3  4 |
---------------+-------------+-----
Fighting       | 4 |  4.6
Armour         | 4 |  4.5
Shields        | 4 |  4.5
Maces & Flails | 3 |  3.4

Action                     |  1- 3 |  4- 6 || total
---------------------------+-------+-------++-------
  Melee: Flail             |   117 |   120 ||   237
         Unarmed           |       |     4 ||     4
    Use: Scroll            |       |     3 ||     3
 Armour: Scale mail        |    76 |    74 ||   150
  Dodge: Dodged            |    56 |    65 ||   121
  Block: Buckler           |    22 |    30 ||    52

Table legend: (Time is in decaauts)
 A = Elapsed time spent in this place.
 B = Non-inter-level travel time spent in this place.
 C = Inter-level travel time spent in this place.
 D = Time resting spent in this place.
 E = Time spent auto-exploring this place.
 F = Levels seen in this place.
 G = Mean time per level.
                   A        B        C        D        E       F      G
               +--------+--------+--------+--------+--------+-----+--------+
         Total |   3194 |   2877 |    317 |    169 |   2100 |   4 |  798.5 |
       Dungeon |   3194 |   2877 |    317 |    169 |   2100 |   4 |  798.5 |
               +--------+--------+--------+--------+--------+-----+--------+

Top non-repeatable levels by time:
     D:2: 1322 daAuts
     D:3: 923 daAuts
     D:1: 921 daAuts
     D:4: 26 daAuts
